AoeStats
← Serpent23

Arena

510229738Analyzed
1v1 RM · 2d ago on Sep 30, 2026· 32m 48s· 2 players
Game mode
Random Map
Map size
Tiny (2 player)
Population
200
Speed
Normal
Resources
Standard
Victory
Conquest
Starting age
Dark Age
Ending age
Imperial Age
RankedLock teamsTeams togetherTeam positionsShared explorationLock speedFull tech treeHidden civsTurbo modeCheats
Victory
Defeat
🇹🇼 Khmer · Taiwan
1304
+34
🇵🇰 Burgundians · Pakistan
1323
-17
lokijasai
10:01 Feudal Age
12:47 Castle Age
11:12 Double-Bit Axe
11:08 Horse Collar
13:59 Bow Saw
18:59 Wheelbarrow
20:56 Hand Cart
21:28 Bow Saw
21:22 Heavy Plow
22:35 Gold Mining
24:44 Stone Mining
25:30 Gold Shaft Mining
28:17 Imperial Age
25:35 Loom
25:35 Town Watch
25:58 Scale Barding Armor
26:03 Forging
26:35 Tusk Swords
27:02 Chain Barding Armor
27:09 Husbandry
27:21 Bloodlines
28:42 Iron Casting
28:22 Elite Battle Elephant
30:19 Plate Barding Armor
30:44 Blast Furnace
33:22 Blast Furnace
Serpent23
3:27 Double-Bit Axe
11:19 Feudal Age
9:35 Horse Collar
12:34 Loom
15:51 Castle Age
16:05 Bow Saw
16:18 Light Cavalry
22:16 Heavy Plow
22:55 Wheelbarrow
25:10 Hand Cart
28:09 Imperial Age
27:08 Fletching
27:32 Fortified Wall
27:53 Ballistics
29:26 Two-Man Saw
28:31 Pikeman
30:13 Chemistry
29:47 Fortified Wall
29:12 Halberdier
29:53 Squires
29:54 Scale Mail Armor
30:05 Forging
Connection lost

Rejoining the realm…

Still unreachable

The connection could not be restored.

Session expired

The server has moved on; the page needs a fresh start.